 Dungeon Crawl Stone Soup version 0.31-a0-1589-g8f5e8aebd6 (webtiles) character file.

Game seed: 3783734130931202705

104400 jestert79 the Warrior (level 15, -6/141 HPs)
             Began as a Yellow Draconian Cinder Acolyte on Jan 5, 2024.
             Was a High Priest of Ignis.
             Killed from afar by Aizul (15 damage)
             ... with a bolt of poison
             ... on level 1 of the Snake Pit on Jan 6, 2024.
             The game lasted 02:15:15 (34679 turns).

jestert79 the Warrior (DrCA)                       Turns: 34679, Time: 02:15:15

Health: -6/141     AC: 19    Str: 19    XL:     15   Next: 91%
Magic:  24/35      EV: 29    Int: 24    God:    Ignis [*****.]
Gold:   1027       SH:  0    Dex:  7    Spells: 8/28 levels left

rFire   + + .        a - +6 demon whip (flame)
rCold   + . .        (no shield)
rNeg    + . .        (body armour unavailable)
rPois   .            D - +3 hat of Pondering {ponderous, Will+ MP+10 Int+5}
rElec   +            g - +2 cloak
rCorr   +            K - +1 pair of gloves
SInv    +            y - +1 pair of boots
Will    +++..        k - amulet of the acrobat
Stlth   +            E - ring of Doubt {Wiz rF+ rC+}
HPRegen 0.43/turn    p - ring "Saniog" {rElec rN+ Will+ SInv}
MPRegen 0.24/turn

%: acrobat, wizardry (x1)
@: lethally poisoned (-6 -> -27), acrobatic, very slightly contaminated, slow
A: spit acid, AC +9, unfitting armour, acidic bite, cold-blooded, acid
resistance
a: Breathe Acid, Renounce Religion, Fiery Armour, Foxfire Swarm, Rising Flame


You were on level 1 of the Snake Pit.
You worshipped Ignis.
Ignis was extremely pleased with you.
You visited 4 branches of the dungeon, and saw 23 of its levels.
You also visited: Volcano.

You collected 2292 gold pieces.
You spent 1265 gold pieces at shops.

Inventory:

Hand Weapons
 a - a +6 demon whip of flaming (weapon)
Missiles
 j - 49 poisoned darts
Armour
 g - a +2 cloak (worn)
 y - a +1 pair of boots (worn)
 D - the +3 hat of Pondering (worn) {ponderous, Will+ MP+10 Int+5}
   (You took it off Gastronok on level 1 of the Lair of Beasts)

   Int+5:     It affects your intelligence (+5).
   Will+:     It increases your willpower.
   MP+10:     It affects your magic capacity (+10).
 K - a +1 pair of gloves (worn)
Magical Staves
 b - a staff of alchemy
Jewellery
 k - an amulet of the acrobat (around neck)
 p - the ring "Saniog" (right hand) {rElec rN+ Will+ SInv}
   (You acquired it on level 5 of the Dungeon)

   [ring of see invisible]

   rElec:     It insulates you from electricity.
   rN+:       It protects you from negative energy.
   Will+:     It increases your willpower.
   SInv:      It lets you see invisible.
 q - a ring of willpower
 E - the ring of Doubt (left hand) {Wiz rF+ rC+}
   (You bought it in a shop on level 2 of the Orcish Mines)

   [ring of wizardry]

   Wiz:       It improves your spell success rate.
   rF+:       It protects you from fire.
   rC+:       It protects you from cold.
 L - a ring of poison resistance
 O - an amulet of reflection
 P - an amulet of magic regeneration
Wands
 o - a wand of roots (20)
 t - a wand of flame (44)
 v - a wand of digging (4)
 G - a wand of mindburst (17)
 I - a wand of charming (10)
Scrolls
 e - 4 scrolls of immolation
 n - 3 scrolls of amnesia
 r - 4 scrolls of revelation
 s - 8 scrolls of teleportation
 A - a scroll of fear
 C - 2 scrolls of fog
 J - 3 scrolls of vulnerability
 M - a scroll of blinking
 Q - a scroll of silence {unknown}
 R - a scroll of summoning {unknown}
 S - a scroll of enchant weapon
 T - 2 scrolls of identify
Potions
 c - 9 potions of curing
 d - 3 potions of mutation
 f - 6 potions of brilliance
 h - a potion of resistance
 i - 2 potions of lignification
 l - 5 potions of attraction
 m - a potion of haste
 w - 2 potions of cancellation
 x - 5 potions of enlightenment
 z - 2 potions of magic
 B - a potion of berserk rage
 F - a potion of ambrosia
 H - a potion of might
 N - a potion of invisibility


   Skills:
 + Level 15.3 Fighting
 - Level 14.0 Maces & Flails
 + Level 12.7 Dodging
 - Level 7.0 Spellcasting
 - Level 7.0 Conjurations
 + Level 10.4 Summonings
 - Level 6.8 Fire Magic
 - Level 1.0 Earth Magic
 - Level 7.0 Alchemy


You had 8 spell levels left.
You knew the following spells:

 Your Spells              Type           Power      Damage    Failure   Level
a - Scorch                Fire           82%        2d8       1%          2
b - Passwall              Erth           13%        N/A       6%          3
c - Summon Blazeheart Go  Fire/Summ      49%        N/A       1%          4
d - Irradiate             Conj/Alch      21%        3d18      4%          5
e - Summon Cactus Giant   Summ           28%        N/A       6%          6

Your spell library contained the following spells:

 Spells                   Type           Power      Damage    Failure   Level
 Summon Small Mammal      Summ           100%       N/A       1%          1
 Call Canine Familiar     Summ           56%        N/A       1%          3
 Hailstorm                Conj/Ice       25%        3d7       1%          3
 Summon Ice Beast         Ice/Summ       33%        N/A       1%          3
 Ensorcelled Hibernation  Hex/Ice        16%        N/A       4%          2
 Sublimation of Blood     Necr           8%         N/A       4%          2
 Iskenderun's Battlesphe  Conj           42%        2d9       4%          5
 Petrify                  Alch/Erth      27%        N/A       6%          4
 Swiftness                Air            8%         N/A       9%          3
 Summon Forest            Summ/Tloc      16%        N/A       10%         5
 Summon Mana Viper        Hex/Summ       33%        N/A       10%         5
 Eringya's Noxious Bog    Alch           21%        4d6       24%         6
 Summon Hydra             Summ           28%        N/A       32%         7
 Spellforged Servitor     Conj/Summ      25%        N/A       52%         7
 Bombard                  Conj/Erth      13%        9d3       61%         6
 Sculpt Simulacrum        Ice/Alch       12%        N/A       67%         6
 Orb of Destruction       Conj           21%        9d8       77%         7


Dungeon Overview and Level Annotations

Branches:
Dungeon (15/15)            Temple (0/1) D:7            Lair (5/5) D:8
  Swamp (0/4) Lair:2        Snake (1/4) Lair:2        Slime (0/5) Lair:4
    Orc (2/2) D:11            Elf (0/3) Orc:2        Vaults (0/5) D:13
 Depths (0/4) D:15        Volcano (visited)

Altars:
Fedhas
Nemelex Xobeh
Qazlal
Trog
Vehumet
Jiyva

Shops:
D:3 [   D:4 *   Orc:2 [(*=:   Snake:1 *

Annotations:
D:6 2 transporters, gebbletook2's ghost, novice VSFi
D:10 1 runed translucent door, justen's ghost, journeyman HOFi
Lair:4 1 runed translucent door, exclusion: downstairs, Ozorab's ghost, journeyman NaHs
Snake:1 Aizul


Innate Abilities, Weirdness & Mutations

You can spit globs of acid.
Your golden yellow scales are hard. (AC +9)
You cannot fit into any form of body armour.
You have acidic saliva.
You are cold-blooded and may be slowed by cold attacks.
You are resistant to acid. (rCorr)


Message History

Unknown command.
You hit the nameless horror. You burn the nameless horror.
The nameless horror is almost destroyed.
You feel very sick. The nameless horror closely misses you.
Unknown command.
You hit the nameless horror but do no damage.
You tail-slap the nameless horror, but do no damage.
The nameless horror is almost destroyed.
You feel very sick.
Unknown command.
You hit the nameless horror but do no damage.
You tail-slap the nameless horror. You bite the nameless horror.
You destroy the nameless horror!
That felt strangely unrewarding.
You feel very sick.
Aizul screams, "I'll haunt your nightmares!"
Aizul casts a spell at you. The bolt of poison hits you!
You are lethally poisoned!
* * * LOW HITPOINT WARNING * * *
Casting: Summon Cactus Giant (dangerous; 6% risk of failure)
Confirm with . or Enter, or press ? or * to list all spells.
* * * LOW HITPOINT WARNING * * *
You feel extremely sick.
Aizul says, "Feeling sleepy?"
Unknown command.
Unknown command.
You feel better. Aizul hits you!
* * * LOW HITPOINT WARNING * * *
Aizul hits you but does no damage.
Unknown command.
Unknown command.
Unknown command.
You swap places.
Aizul casts a spell at you.
The bolt of poison hits your cactus giant.
The bolt of poison hits you!
You are lethally poisoned!
You die...

.# ####..####### .###
##....## ...###......###
.......#....#.# #########
.#.##.......#.# #........
..............## #........
.#.#.....###...# #........
......#..##..#.####........
.##.........##..@CS........
..........## ######........
..#..#..... #........
......... ##........ ....
... #......... .....
#.S....^.. .....
...######## #... ##.#


You could see Aizul (ally target) and a friendly cactus giant (summoned).

Vanquished Creatures
  Jorgrun (D:12)
  Gastronok (Lair:1)
  Kirke (D:12)
  3 orc warlords
  An ironbound preserver (D:13)
  A dire elephant (D:15)
  An ice dragon (Lair:5)
  2 rakshasas (D:15)
  Fannar (D:10)
  3 anacondas (Snake:1)
  5 centaur warriors
  10 hydras
  2 naga warriors
  3 boulder beetles
  2 two-headed ogres
  11 death yaks
  2 shock serpents
  2 skysharks
  An orc high priest (Orc:2)
  A sun demon (Volcano)
  A mana viper (Snake:1)
  A swamp dragon (Lair:5)
  2 naga ritualists (Snake:1)
  A phantasmal warrior (D:15)
  2 orc knights (Orc:2)
  A deep elf pyromancer (D:13)
  12 ugly things
  3 orc sorcerers
  2 wolf spiders
  A cyclops (D:15)
  6 salamanders
  5 manticores
  Joseph (D:7)
  3 meliai (D:14)
  A kobold blastminer (Orc:1)
  17 black mambas
  3 molten gargoyles
  14 cane toads
  A torpor snail (Lair:3)
  2 guardian serpents
  7 rime drakes (Lair:5)
  A gargoyle (D:10)
  2 unseen horrors (D:12)
  8 komodo dragons
  An efreet (D:14)
  A tengu conjurer (D:14)
  A red devil (Volcano)
  9 trolls
  A tyrant leech (Lair:2)
  3 hornets (Lair:5)
  A troll (shapeshifter) (D:14)
  2 polar bears
  A hornet (shapeshifter) (D:14)
  7 blink frogs
  A raiju (shapeshifter) (D:15)
  4 dream sheep
  A nameless horror (Snake:1)
  A slime creature (D:13)
  17 wyverns
  A shadow (D:10)
  A fire bat (Volcano)
  40 yaks
  A vampire (D:9)
  7 basilisks
  4 wargs
  6 wraiths
  2 vampire mosquitoes (D:14)
  4 steam dragons
  A redback (Lair:5)
  6 nagas
  A swamp worm (Lair:2)
  3 acid dragons
  14 water moccasins
  2 swamp drakes (Lair:5)
  3 black bears
  31 orc warriors
  A sky beast (D:8)
  5 ogres
  16 wolves
  13 centaurs
  A phantom (D:5)
  9 bullfrogs
  4 kobold brigands
  A gnoll sergeant (D:10)
  A scorpion (D:5)
  10 wights
  7 howler monkeys
  An electric eel (Lair:3)
  6 lava snakes (Volcano)
  A bombardier beetle (D:5)
  20 orc priests
  4 hounds
  A gnoll bouda (D:10)
  2 jellies
  3 sleepcaps
  5 iguanas
  20 orc wizards
  3 hell rats
  13 gnolls
  9 adders
  A shadow imp (D:6)
  A dart slug (D:4)
  4 ribbon worms
  102 orcs
  8 ball pythons
  10 endoplasms
  2 giant cockroaches (D:2)
  7 goblins
  11 hobgoblins
  8 jackals
  30 kobolds
  5 quokkas
  5 bats
  6 frilled lizards
  4 rats
  A butterfly (Lair:4)
690 creatures vanquished.

Vanquished Creatures (collateral kills)
  A death knight (D:15)
  A death yak (Lair:5)
  A skeletal warrior (D:15)
  A deep elf pyromancer (D:14)
  A cyclops (D:15)
  An ugly thing (D:13)
  3 cane toads
  A rime drake (Lair:5)
  3 komodo dragons
  A freezing wraith (D:15)
  5 yaks
  2 nagas
  A water moccasin (Lair:5)
  An orc warrior (Orc:2)
  A black bear (Lair:1)
  A centaur (D:9)
  A wolf (Lair:1)
  A kobold brigand (D:10)
  2 bullfrogs (Lair:1)
  An electric eel (Lair:3)
  3 hell rats (Lair:3)
  3 iguanas
  4 gnolls (D:10)
  4 orcs
  A kobold (D:10)
  8 foxfires (Lair:5)
53 creatures vanquished.

Vanquished Creatures (others)
  An ugly thing (D:12)
  4 humans (D:12)
  A centaur (D:8)
  An orc (D:8)
  105 blazeheart cores
  8 foxfires (Lair:5)
120 creatures vanquished.

Grand Total: 863 creatures vanquished

Notes
Turn   | Place    | Note
-------+----------+-------------------------------------------
     0 | D:1      | jestert79 the Draconian Cinder Acolyte began the quest for
                  | the Orb.
     0 | D:1      | Reached XP level 1. HP: 19/19 MP: 2/2
   142 | D:1      | Reached XP level 2. HP: 26/26 MP: 3/3
   156 | D:1      | Learned a level 2 spell: Scorch
   425 | D:1      | Reached XP level 3. HP: 18/31 MP: 4/4
  1180 | D:2      | Found a faded altar of an unknown god.
  1448 | D:2      | Reached XP level 4. HP: 37/38 MP: 2/5
  1568 | D:2      | Reached skill level 5 in Maces & Flails
  2075 | D:3      | Found Wausaoj's Armour Shop.
  2436 | D:3      | Found a stormy altar of Qazlal.
  2739 | D:4      | Reached XP level 5. HP: 22/45 MP: 0/6
  3061 | D:4      | Found Jomypp's General Store.
  3094 | D:4      | Bought a scroll of identify for 20 gold pieces
  3094 | D:4      | Bought a scroll of revelation for 75 gold pieces
  3906 | D:5      | Entered Level 5 of the Dungeon
  4077 | D:5      | Reached XP level 6. HP: 39/51 MP: 3/7
  4820 | D:5      | Your scales start taking on a golden yellow colour.
  4820 | D:5      | Reached XP level 7. HP: 7/57 MP: 1/8
  4820 | D:5      | Gained mutation: You are resistant to acid. (rCorr) [Yellow
                  | Draconian growth]
  5112 | D:5      | Found a bloodstained altar of Trog.
  5862 | D:5      | Identified a scroll of acquirement
  5862 | D:5      | Acquired the ring "Saniog" {rElec rN+ Will+ SInv}
  6014 | D:6      | Found a transporter.
  6015 | D:6      | Noticed gebbletook2's ghost (novice VSFi)
  6030 | D:6      | Found a blossoming altar of Fedhas.
  6038 | D:6      | Noticed Pikel
  6361 | D:6      | Reached XP level 8. HP: 19/63 MP: 6/9
  6368 | D:6      | Reached skill level 10 in Maces & Flails
  6515 | D:5      | Learned a level 3 spell: Passwall
  6553 | D:5      | Pikel changed into Pikel the jelly
  6553 | D:5      | Noticed Pikel
  6555 | D:5      | Killed Pikel the jelly
  6775 | D:6      | Found a transporter.
  6825 | D:6      | Found a radiant altar of Vehumet.
  7033 | D:7      | Reached skill level 1 in Dodging
  7040 | D:7      | Found a sparkling altar of Nemelex Xobeh.
  7102 | D:7      | Reached skill level 4 in Fighting
  7339 | D:7      | Noticed Joseph
  7361 | D:7      | Killed Joseph
  7598 | D:7      | Found a staircase to the Ecumenical Temple.
  7836 | D:7      | Reached skill level 5 in Fighting
  7836 | D:7      | Reached XP level 9. HP: 41/74 MP: 4/10
  8786 | D:8      | Reached skill level 1 in Earth Magic
  8923 | D:8      | Learned a level 4 spell: Summon Blazeheart Golem
  9026 | D:7      | Reached skill level 1 in Summonings
  9798 | D:8      | Reached skill level 6 in Fighting
 10060 | D:8      | Found a staircase to the Lair.
 10081 | D:8      | Reached XP level 10. HP: 43/84 MP: 7/13
 10427 | D:9      | Noticed a two-headed ogre
 10436 | D:9      | Killed a two-headed ogre
 11014 | D:9      | Reached skill level 7 in Fighting
 11014 | D:9      | Reached skill level 5 in Dodging
 11014 | D:9      | Reached skill level 5 in Fire Magic
 11585 | D:10     | Entered Level 10 of the Dungeon
 12183 | D:10     | Noticed a gargoyle
 12189 | D:10     | Killed a gargoyle
 12439 | D:10     | Found a runed translucent door.
 12441 | D:10     | Noticed justen's ghost (journeyman HOFi)
 12501 | D:10     | Noticed Fannar
 12522 | D:10     | Killed Fannar
 12523 | D:10     | Reached skill level 5 in Summonings
 12523 | D:10     | Reached XP level 11. HP: 30/94 MP: 11/14
 13060 | Lair:1   | Entered Level 1 of the Lair of Beasts
 13060 | Lair:1   | Noticed Gastronok
 13077 | Lair:1   | Killed Gastronok
 13078 | Lair:1   | Reached skill level 8 in Fighting
 14049 | Lair:1   | Learned a level 5 spell: Irradiate
 14519 | Lair:2   | Reached skill level 1 in Conjurations
 14519 | Lair:2   | Reached skill level 1 in Alchemy
 14914 | Lair:2   | Noticed a five-headed hydra
 14925 | Lair:2   | Killed a five-headed hydra
 14926 | Lair:2   | Reached skill level 9 in Fighting
 15205 | Lair:2   | Noticed a four-headed hydra
 15217 | Lair:2   | Killed a four-headed hydra
 15218 | Lair:2   | Reached XP level 12. HP: 80/104 MP: 16/16
 15681 | Lair:2   | Found a staircase to the Snake Pit.
 15873 | Lair:2   | Found a staircase to the Swamp.
 16085 | Lair:3   | Noticed a five-headed hydra
 16094 | Lair:3   | Killed a five-headed hydra
 16179 | Lair:3   | Noticed a seven-headed hydra
 17163 | Lair:3   | Reached skill level 10 in Fighting
 17457 | Lair:3   | Killed a seven-headed hydra
 17913 | Lair:4   | Noticed a five-headed hydra
 17921 | Lair:4   | Killed a five-headed hydra
 18010 | Lair:4   | Found a viscous altar of Jiyva.
 18010 | Lair:4   | Found a staircase to the Slime Pits.
 18022 | Lair:4   | Noticed a death yak
 18022 | Lair:4   | Noticed a death yak
 18022 | Lair:4   | Noticed a death yak
 18026 | Lair:4   | Noticed a death yak
 18028 | Lair:4   | Noticed a death yak
 18029 | Lair:4   | Noticed a death yak
 18037 | Lair:4   | Killed a death yak
 18038 | Lair:4   | Killed a death yak
 18040 | Lair:4   | Killed a death yak
 18041 | Lair:4   | Reached skill level 5 in Conjurations
 18041 | Lair:4   | Reached skill level 5 in Alchemy
 18041 | Lair:4   | Reached XP level 13. HP: 66/114 MP: 19/19
 18658 | Lair:4   | Found a runed translucent door.
 18661 | Lair:4   | Noticed Ozorab's ghost (journeyman NaHs)
 18662 | Lair:4   | Identified the +9 trident of the Hall of Blades {vamp, rC+}
 19017 | Lair:4   | Reached skill level 11 in Fighting
 19286 | Lair:5   | Entered Level 5 of the Lair of Beasts
 19291 | Lair:5   | Found a dark tunnel.
 19298 | Volcano  | Entered a volcano
 19952 | Volcano  | Found a bloodstained altar of Trog.
 20438 | Lair:4   | HP: 4/116 [dream sheep (6)]
 20910 | Lair:5   | Paralysed by a hornet for 2 turns
 21477 | Lair:5   | Reached skill level 12 in Fighting
 21511 | Lair:5   | Reached skill level 10 in Dodging
 21585 | Lair:5   | HP: 5/118 [five-headed hydra (11)]
 21587 | Lair:5   | Gained mutation: You have acidic saliva. [Yellow Draconian
                  | growth]
 21587 | Lair:5   | Reached XP level 14. HP: 5/127 MP: 7/20
 23993 | D:8      | Learned a level 6 spell: Summon Cactus Giant
 24299 | D:11     | Reached skill level 13 in Fighting
 24338 | D:11     | Reached skill level 5 in Spellcasting
 24935 | D:11     | Found a staircase to the Orcish Mines.
 25093 | Orc:1    | Entered Level 1 of the Orcish Mines
 25094 | Orc:1    | Noticed an orc warlord
 25102 | Orc:1    | Noticed an orc warlord
 25116 | D:11     | Killed an orc warlord
 25369 | Orc:1    | Killed an orc warlord
 25859 | Orc:2    | Entered Level 2 of the Orcish Mines
 26287 | Orc:2    | Found a staircase to the Elven Halls.
 26377 | Orc:2    | Found Siss's Jewellery Emporium.
 26390 | Orc:2    | Bought the ring of Doubt {Wiz rF+ rC+} for 663 gold pieces
 26593 | Orc:2    | Noticed an orc warlord
 26618 | Orc:2    | Killed an orc warlord
 27025 | Orc:2    | Found Sischak's Antique Armour Boutique.
 27029 | Orc:2    | Found Sobly's Antique Weapon Shop.
 27109 | Orc:2    | Found Penousmo's Vocational Training.
 27491 | Orc:2    | Found Todoes's Assorted Antiques.
 27497 | Orc:2    | Bought a pair of dazzling boots for 247 gold pieces
 27497 | Orc:2    | Identified the +1 pair of boots of the Ant {Fly Str+8
                  | Slay-6} (You bought it in a shop on level 2 of the Orcish
                  | Mines)
 27955 | D:12     | Noticed Jorgrun
 28022 | D:12     | Killed Jorgrun
 28510 | D:12     | Noticed Kirke
 28524 | D:12     | Killed Kirke
 28539 | D:12     | Reached XP level 15. HP: 123/137 MP: 24/24
 29482 | Orc:2    | Bought a ring of poison resistance for 260 gold pieces
 29857 | D:13     | Reached skill level 14 in Fighting
 30248 | D:13     | Found a gate to the Vaults.
 31463 | D:15     | Entered Level 15 of the Dungeon
 31601 | D:15     | Found a staircase to the Depths.
 33071 | Snake:1  | Entered Level 1 of the Snake Pit
 33084 | Snake:1  | Reached skill level 15 in Fighting
 33162 | Snake:1  | Reached skill level 10 in Summonings
 34006 | Snake:1  | Found Koige's Assorted Antiques.
 34664 | Snake:1  | Identified the serpent talisman "Xiska" {Will+ rCorr
                  | Stlth+}
 34664 | Snake:1  | Noticed Aizul
 34679 | Snake:1  | Killed from afar by Aizul

Illustrated notes

Levels and vault maps discovered:
D:1:      evilmike_arrival_crescent, layout_loops_ring
D:2:      layout_basic, ebering_ecumenical_altar_petrified,
          chequers_serial_rivers_large_b
D:3:      layout_basic, lemuel_tele_altar, serial_shops,
          nicolae_shop_just_a_little_nook, bh_walls_and_bars
D:4:      layout_cave_pods, serial_shops, shop
D:5:      layout_basic, bloody_trog
D:6:      layout_rooms, vehumet_altar_wand_db, kennysheep_mini,
          gammafunk_ghost_smash, uniq_pikel
D:7:      layout_cave_pods, nemelex_xobeh_ov_fountains_minmay,
          minmay_temple_entry_mist, grunt_decor_mini_mirrors, uniq_joseph
D:8:      layout_basic, david_lair_generic, minmay_between
D:9:      nicolae_cairo_tiling_large, layout_loops_cross, serial_glass,
          glass_columns_c, glass_columns_a
D:10:     layout_basic, hellmonk_ghost_big_iron, nicolae_straight_to_the_point,
          uniq_fannar
D:11:     layout_loops_ring, orc_0_dummy
D:12:     layout_loops_cross, uniq_kirke, uniq_jorgrun
D:13:     layout_rooms, skrybe_vaults_entry_preservation
D:14:     layout_loops_ring
D:15:     hangedman_depths_entry_try_elsewhere_first, layout_loops_ring,
          dreamdust_mushroom_princess
Lair:1:   layout_layer_cave, uniq_gastronok
Lair:2:   layout_long_grid, palyth_hydra_swamp_entry,
          nicolae_snake_entry_squirm, minmay_hedge_maze
Lair:3:   layout_cellular_growth, grunt_megastairs_1, lemuel_fruit_fields,
          serial_bayou_shore_a
Lair:4:   layout_gridlike, slime_entry_1, ebering_ghost_funeral_grove
Lair:5:   hangedman_lair_tendril_chambers, layout_loops_ring,
          guppyfry_lair_end_dragon, nicolae_volcano_entry_hallway, st_stairs_5,
          guppyfry_lair_drakes
Snake:1:  layout_rooms, serial_shops, shop, uniq_aizul
Orc:1:    layout_caves, basic_altar, lightli_orcish_oven
Orc:2:    grunt_orc_community_town_hall, layout_caves,
          grunt_orc_community_big_house_1, grunt_orc_community_big_house_2,
          grunt_orc_community_house_3, grunt_orc_community_house_3,
          grunt_orc_community_house_3, grunt_orc_community_house_3,
          grunt_orc_community_house_3, nicolae_shop_vocational

Skill      XL: |  1  2  3  4  5  6  7  8  9 10 11 12 13 14 15 |
---------------+----------------------------------------------+-----
Maces & Flails | 4 5 6 8 9 11 12 13 14 | 14.0
Dodging        | 2 4 5 7 8 10 11 12 | 12.7
Fighting       | 5 6 7 9 10 12 13 15 | 15.3
Earth Magic    | 1 |  1.0
Summonings     | 2 5 6 8 10 | 10.4
Spellcasting   | 2 3 4 6 7 |  7.0
Fire Magic     | 4 5 6 |  6.8
Conjurations   | 2 5 7 |  7.0
Alchemy        | 2 5 7 |  7.0

Action                     |  1- 3 |  4- 6 |  7- 9 | 10-12 | 13-15 || total
---------------------------+-------+-------+-------+-------+-------++-------
  Melee: Mace              |   144 |   125 |    72 |       |       ||   341
         Tailslap          |    13 |    14 |    36 |    47 |   138 ||   248
         Punch             |     1 |       |     6 |     1 |     9 ||    17
         Flail             |       |       |   152 |   302 |   108 ||   562
         Whip              |       |       |    35 |       |       ||    35
         Demon whip        |       |       |       |       |   861 ||   861
         Bite              |       |       |       |       |    92 ||    92
   Cast: Scorch            |     3 |    61 |    83 |    24 |   106 ||   277
         Summon Blazeheart |       |       |       |    64 |    64 ||   128
         Irradiate         |       |       |       |     1 |    45 ||    46
         Summon Cactus Gia |       |       |       |       |     8 ||     8
 Invoke: Foxfire Swarm     |       |       |       |       |     1 ||     1
         Fiery Armour      |       |       |       |       |     1 ||     1
Ability: Breathe Acid      |       |       |    13 |     4 |     3 ||    20
  Evoke: Wand              |       |       |    10 |     4 |     9 ||    23
    Use: Scroll            |       |    11 |     6 |     7 |    16 ||    40
         Potion            |       |     1 |     1 |     1 |     9 ||    12
 Armour: Skin              |    91 |   111 |   225 |   258 |   670 ||  1355
  Dodge: Dodged            |    93 |    86 |   166 |   204 |   693 ||  1242
         Repelled          |       |     1 |     2 |       |       ||     3

Table legend: (Time is in decaauts)
 A = Elapsed time spent in this place.
 B = Non-inter-level travel time spent in this place.
 C = Inter-level travel time spent in this place.
 D = Time resting spent in this place.
 E = Time spent auto-exploring this place.
 F = Levels seen in this place.
 G = Mean time per level.
                   A        B        C        D        E       F      G
               +--------+--------+--------+--------+--------+-----+--------+
         Total |  35465 |  33186 |   2279 |  10362 |  13440 |  24 | 1477.7 |
       Dungeon |  19565 |  18403 |   1162 |   4741 |   9779 |  15 | 1304.3 |
          Lair |  11596 |  10710 |    886 |   4218 |   2870 |   5 | 2319.2 |
     Snake Pit |    763 |    763 |      0 |    461 |     66 |   1 |  763.0 |
  Orcish Mines |   2501 |   2272 |    229 |    493 |    724 |   2 | 1250.5 |
       Volcano |   1038 |   1038 |      0 |    447 |      0 |   1 | 1038.0 |
               +--------+--------+--------+--------+--------+-----+--------+

Top non-repeatable levels by time:
  Lair:5: 3079 daAuts
  Lair:2: 2949 daAuts
     D:5: 2348 daAuts
  Lair:4: 2323 daAuts
     D:7: 1946 daAuts
    D:11: 1746 daAuts
  Lair:1: 1648 daAuts
    D:10: 1629 daAuts
  Lair:3: 1595 daAuts
     D:8: 1506 daAuts
    D:15: 1428 daAuts
   Orc:2: 1413 daAuts
     D:9: 1360 daAuts
     D:4: 1309 daAuts
     D:2: 1152 daAuts
